 Dungeon Crawl Stone Soup version 0.29.0-5-ge4962eb29e (webtiles) character file.

Game seed: 10634972472050466604

65 ProzacElf the Ducker (level 3, 0/26 HPs)
             Began as a Minotaur Hedge Wizard on Aug 28, 2022.
             Was a Follower of Makhleb.
             Slain by an orc wizard
             ... wielding a +0 dagger
              (1 damage)
             ... on level 2 of the Dungeon.
             The game lasted 00:04:57 (2502 turns).

ProzacElf the Ducker (Minotaur Hedge Wizard)        Turns: 2502, Time: 00:04:57

Health: 0/26       AC:  5    Str: 16    XL:     3   Next: 92%
Magic:  14/14      EV: 15    Int: 11    God:    Makhleb [*.....]
Gold:   161        SH:  0    Dex:  9    Spells: 5/6 levels left

rFire   . . .      SeeInvis .   a - +0 spear
rCold   . . .      Faith    .   (no shield)
rNeg    . . .      Spirit   .   e - +0 ring mail
rPois   .          Reflect  .   c - +0 hat
rElec   .          Harm     .   (no cloak)
rCorr   .          Rampage  .   (no gloves)
Will    .....                   (no boots)
Stlth   +.........              (no amulet)
HPRegen 0.08/turn               f - +4 ring of evasion {=R}
MPRegen 0.14/turn               t - ring of magical power

@: mighty
A: horns 2, retaliatory headbutt
a: Renounce Religion


You were on level 2 of the Dungeon.
You worshipped Makhleb.
Makhleb was aware of your devotion.
You visited 1 branch of the dungeon, and saw 3 of its levels.

You collected 161 gold pieces.

Inventory:

Hand Weapons
 a - a +0 spear (weapon)
 b - a +0 dagger
Missiles
 o - 5 boomerangs
 p - 10 javelins (quivered)
 s - 5 poisoned darts
Armour
 c - a +0 hat (worn)
 e - a +0 ring mail (worn)
 m - a +0 robe
Jewellery
 f - a +4 ring of evasion (left hand) {=R}
 t - a ring of magical power (right hand)
Scrolls
 g - 4 scrolls of teleportation {unknown}
 h - 3 scrolls of identify {unknown}
 i - a scroll of magic mapping {unknown}
 j - 2 scrolls of butterflies {unknown}
 k - 2 scrolls of enchant weapon {unknown}
 l - a scroll of vulnerability {unknown}
 r - a scroll of noise {unknown}
Potions
 d - a potion of magic
 n - a potion of might
 q - 2 potions of haste {unknown}


   Skills:
 + Level 3.6 Dodging
 + Level 2.9 Stealth
 - Level 2.1 Spellcasting
 - Level 0.6 Conjurations
 - Level 0.6 Summonings
 - Level 0.6 Translocations


You had 5 spell levels left.
You knew the following spells:

 Your Spells              Type           Power      Damage    Failure   Level
a - Magic Dart            Conj           8%         1d3       41%         1

Your spell library contained the following spells:

 Spells                   Type           Power      Damage    Failure   Level
 Slow                     Hex            4%         N/A       50%         1
 Blink                    Tloc           4%         N/A       54%         2
 Call Imp                 Summ           2%         N/A       54%         2
 Conjure Flame            Conj/Fire      1%         6-21      82%         3
 Portal Projectile        Hex/Tloc       2%         N/A       82%         3
 Mephitic Cloud           Conj/Pois/Air  1%         N/A       83%         3
 Tukima's Dance           Hex            1%         N/A       86%         3
 Blade Hands              Tmut           0%         N/A       100%        5


Dungeon Overview and Level Annotations

Branches:
Dungeon (3/15)

Altars:
Makhleb


Innate Abilities, Weirdness & Mutations

You have a pair of horns on your head.
You reflexively headbutt those who attack you in melee.


Message History

Unknown command.
Somethin' hits ye but does nay damage.
Ye climb upwards.
Reactivatin' autopickup.
Thar be a stone staircase leadin' down 'ere.
Deactivatin' autopickup; reactivate wit' Ctrl-A.
Ye hit somethin'.
Somethin' hits ye but does nay damage.
Ye miss somethin'.
Ye hear some strange, mumbled words.
A magic dart appears from outta thin air!
Tha magic dart hits ye.
Ye take 2 damage, an' haf 21/26 hp.
Ye hit somethin' but do nay damage.
Somethin' hits ye.
Ye take 3 damage, an' haf 18/26 hp.
Ye barely miss somethin'.
Ye hear some strange, mumbled words.
Ye be confused.
Ye bump inta tha rock wall.
Somethin' hits ye.
Ye take 1 damage, an' haf 17/26 hp.
Ye barely miss somethin'.
Somethin' barely misses ye.
Ye completely miss somethin'.
Somethin' completely misses ye.
Ye closely miss somethin'.
Yer headbutt misses somethin'.
Ye hear some strange, mumbled words.
Ye be more confused.
Somethin' hits ye.
Ye take 2 damage, an' haf 15/26 hp.
Ye see 'ere a ball python corpse.
Somethin' hits ye.
Ye take 2 damage, an' haf 13/26 hp.
Ye hear some strange, mumbled words.
Somethin' tries ta affect ye, but ye resist.
Ye hear some strange, mumbled words.
A puff o' flame appears from outta thin air!
Tha puff o' flame hits ye!
* * * LOW HITPOINT WARNIN'
* * * Ye take 12 damage, an' haf 1/26 hp.
MASSIVE DAMAGE!!
It was a potion o' might.
Ye feel very mighty all o' a sudd'n.
Ye feel less confused.
Somethin' hits ye.
Ye die...

..............##.##.#.# #.###.#
....................#.# #.....#
....................#.# #...>##
.##.................#.#####....##
.##....##'##.###...>#.......#'##.
.##........#.# #....#####........
....#......#.# #...†#............
....#......#.# #...>#.###........
....#....###.###@..[#.#....#####.
^........###<.......#.#.##.##....
.......#............#.#.##.##....
.......#............'.#.##.##...#
.......#............###.##.....>#
.......#............# #.##..#...#
.......#.....##.....###.##..###.#
.......#.....##.........##..###.#
.......#...<.#############......#


There were no monsters in sight!

Vanquished Creatures
  3 gnolls (D:2)
  An adder (D:2)
  A dart slug (D:2)
  2 orcs
  A ball python (D:2)
  3 endoplasms
  A goblin (D:1)
  3 hobgoblins
  A quokka (D:2)
  4 bats
  A frilled lizard (D:1)
  2 rats
23 creatures vanquished.

Vanquished Creatures (others)
  A plant (D:1)
  A withered plant (D:1)
2 creatures vanquished.

Grand Total: 25 creatures vanquished

Notes
Turn   | Place    | Note
-------+----------+-------------------------------------------
     0 | D:1      | ProzacElf the Minotaur Hedge Wizard began the quest for the
                  | Orb.
     0 | D:1      | Reached XP level 1. HP: 14/14 MP: 2/2
   477 | D:1      | Reached XP level 2. HP: 6/20 MP: 4/4
   746 | D:1      | Found a faded altar of an unknown god.
   760 | D:1      | Prayed at the altar of an unknown god.
   760 | D:1      | Became a worshipper of Makhleb the Destroyer
   760 | D:1      | Reached * piety under Makhleb
  1076 | D:2      | Upgraded the game from 0.29.0-4-gdea44cf6ec to
                  | 0.29.0-5-ge4962eb29e
  1159 | D:2      | Reached skill level 3 in Dodging
  1165 | D:2      | Reached XP level 3. HP: 14/26 MP: 5/5
  2500 | D:2      | HP: 1/26 [something/puff of flame (12)]
  2502 | D:2      | Slain by an orc wizard

Illustrated notes

Levels and vault maps discovered:
D:1:      spicycebolla_arrival_xxxplode, layout_basic,
          shapermc_ecumenical_altar_flowoftime, nicolae_figureground_sparkle
D:2:      layout_basic
D:3:      minmay_chambers_of_threes, layout_basic, trog_butcher_becter

Skill      XL: |  1  2 |
---------------+-------+-----
Stealth        | 2 |  2.9
Dodging        | 3 |  3.6
Spellcasting   | |  2.1
Conjurations   | |  0.6
Summonings     | |  0.6
Translocations | |  0.6

Action                   || total
-------------------------++-------
Melee: Dagger            ||    42
       Headbutt          ||     9
       Punch             ||     1
       Spear             ||    49
  Use: Potion            ||     3
Armor: Ring mail         ||    27
       Skin              ||     3
Dodge: Dodged            ||    71
